Map: [G8] Dragon Scales

Players

Serral

  • Race: Zerg Zerg
  • Spawn Location: 5:00

Solar - Winner!

  • Race: Zerg Zerg
  • Spawn Location: 11:00

Event: Gamers8 2023

VOD

Have the link to the VOD?

Description

Time

  • Played on: Aug. 5, 2023, 12:54 p.m.
  • Length: 6:04

All games in this series

Show
View Real Time Build Order
Export as new Build Order

Serral Zerg 

Build Orders: Hatch First 

Get SALT Encoding   

  12  0:00  Drone  
  13  0:11  Overlord  
  13  0:16  Drone  
  14  0:30  Drone x2  
  16  0:47  Hatchery  
  15  0:50  Drone  
  15  0:54  Drone  
  17  0:57  Drone  
  18  1:08  Extractor  
  17  1:12  Spawning Pool  
  17  1:15  Drone  
  17  1:19  Drone  
  18  1:27  Drone  
  19  1:38  Drone  
  20  1:58  Queen, Drone  
  20  1:59  Queen  
  20  2:00  Zergling x2  
  20  2:01  Overlord  
  26  2:07  Metabolic Boost  
  26  2:10  Drone x2  
  28  2:22  Zergling x2  
  29  2:23  Drone  
  30  2:35  Hatchery  
  30  2:36  Drone  
  30  2:39  Drone  
  30  2:42  Drone  
  32  2:48  Baneling Nest  
  31  2:52  Overlord  
  31  2:54  Drone  
  31  2:56  Drone  
  33  3:04  Drone x2  
  35  3:11  Zergling x8  
  38  3:13  Zergling x4  
  38  3:19  Overlord  
  40  3:21  Drone  
  40  3:25  Queen  
  43  3:31  Baneling x2  
  43  3:38  Zergling x2, Drone  
  45  3:42  Drone x5  
  45  3:43  Drone  
  51  3:51  Drone  
  51  3:53  Roach Warren  
  51  3:57  Drone x3  
  51  4:01  Drone x2  
  55  4:06  Overlord, Drone  
  55  4:07  Baneling  
  55  4:09  Baneling  
  56  4:14  Extractor, Drone  
  56  4:15  Overlord  
  56  4:16  Drone  
  57  4:20  Overlord  
  57  4:31  Spine Crawler  
  57  4:33  Roach  
  57  4:34  Roach x2  
  57  4:35  Roach x2  
  66  4:40  Roach x2  
  66  4:43  Roach  
  72  4:49  Roach, Zergling x4  
  76  4:56  Roach  
  76  4:58  Roach  
  77  5:02  Roach  
  77  5:03  Zergling x8  
  77  5:07  Roach, Zergling x2  
  76  5:10  Roach  
  66  5:15  Roach  
  66  5:17  Zergling x2  
  66  5:19  Zergling x2  
  57  5:24  Roach  
  57  5:27  Roach  
  53  5:30  Roach  
  51  5:37  Roach  
  51  5:39  Roach  
  51  5:43  Roach  
  51  5:47  Zergling x2  
Show
View Real Time Build Order
Export as new Build Order

Solar Zerg - Winner!

Build Orders: Hatch First 

Get SALT Encoding   

  12  0:00  Drone  
  13  0:12  Overlord  
  13  0:17  Drone  
  14  0:31  Drone x2  
  16  0:47  Hatchery  
  15  0:51  Drone  
  15  0:54  Drone  
  17  0:58  Drone  
  18  1:08  Extractor  
  17  1:13  Spawning Pool  
  17  1:16  Drone  
  17  1:19  Drone  
  18  1:30  Drone  
  19  1:39  Drone  
  20  1:51  Drone  
  21  2:00  Queen x2  
  25  2:02  Zergling x2  
  25  2:03  Overlord  
  26  2:08  Metabolic Boost  
  26  2:10  Drone  
  26  2:11  Drone  
  29  2:22  Drone  
  29  2:23  Drone  
  30  2:36  Hatchery  
  29  2:39  Zergling x2  
  29  2:41  Drone  
  31  2:44  Baneling Nest  
  31  2:47  Drone  
  31  2:53  Drone  
  31  2:55  Overlord  
  32  3:00  Drone  
  32  3:03  Drone  
  34  3:10  Roach Warren  
  34  3:12  Zergling x4  
  35  3:16  Drone  
  35  3:18  Overlord  
  36  3:22  Overlord  
  36  3:25  Zergling x2  
  37  3:35  Baneling  
  37  3:37  Zergling x2  
  37  3:39  Zergling x4  
  37  3:40  Baneling  
  39  3:58  Roach x7  
  39  4:01  Roach  
  52  4:03  Zergling x2  
  52  4:04  Zergling x2  
  52  4:09  Zergling x4  
  56  4:13  Zergling x6  
  56  4:16  Zergling x2  
  60  4:17  Zergling x2  
  60  4:21  Baneling  
  61  4:25  Overlord  
  61  4:27  Zergling x2  
  61  4:30  Zergling x4  
  64  4:37  Baneling  
  64  4:38  Baneling  
  63  4:42  Zergling x4  
  63  4:43  Baneling  
  63  4:45  Zergling x8  
  69  4:50  Zergling x2  
  69  4:51  Zergling x4  
  72  4:59  Zergling x4  
  74  5:05  Zergling x6  
  71  5:07  Zergling x2  
  71  5:08  Zergling x2  
  71  5:09  Overlord  
  71  5:13  Zergling x2  
  65  5:20  Roach  
  65  5:21  Roach, Zergling x2  
  57  5:28  Zergling x4  
  57  5:32  Zergling x2  
  57  5:39  Zergling x4  
  55  5:45  Zergling x4  
  55  5:46  Zergling x4  
Tags
 
Add a new tag
Caveats
  • Supply blocks, unpowered buildings, or Contaminate may cause inaccurate times.
  • Supply counts are checked every 10 seconds.